PR
HICKSVILLE HOUNDS @ TWINSBURG TIGERS
08/03/2042
 
TOP OF THE 1ST
Hicksville Hounds batting - Pitching for Twinsburg Tigers : RHP Chor-min Kim
Pitching: RHP Chor-min Kim
Batting: LHB Timothy Hayes 0-0: Ball
1-0: Fly out, F8 (Flyball, 78D, EV 110.0 MPH)
Batting: RHB Joe Barrientez 0-0: Fly out, F8 (Flyball, 8RM, EV 91.2 MPH)
Batting: RHB Zhong-yi Yun 0-0: Ball
1-0: Foul Ball, location: 2F
1-1: Ball
2-1: Ball
3-1: Ground out 6-3 (Groundball, 6, EV 91.2 MPH)
Top of the 1st over - 0 runs, 0 hits, 0 errors, 0 left on base; Hicksville 0 - Twinsburg 0
BOTTOM OF THE 1ST
Twinsburg Tigers batting - Pitching for Hicksville Hounds : LHP Vic Trewick
Pitching: LHP Vic Trewick
Batting: RHB Aaron Carter 0-0: Ball
1-0: Called Strike
1-1: Bunt for hit to 5S - play at first, batter safe!
Batting: RHB Roland Thomas 0-0: Ball
1-0: SINGLE (Line Drive, 9S, EV 106.9 MPH)
Aaron Carter to second
Batting: SHB Sherwin Tacod 0-0: Foul Ball, location: 2F
0-1: Ball
1-1: Ball
2-1: Foul Ball, location: 2F
2-2: DOUBLE (Line Drive, 5D, EV 101.9 MPH)
Aaron Carter scores
Roland Thomas to third
Batting: RHB Art Hensley 0-0: Ball
1-0: Called Strike
1-1: Ball
2-1: Foul Ball, location: 2F
2-2: Ball
3-2: Fly out, F8 (Line Drive, 8RD, EV 96.2 MPH)
Runner from 3rd tags up, SCORES, throw by CF
Batting: RHB Keith Wilfred 0-0: Ground out 4-3 (Groundball, 4, EV 85.0 MPH)
Sherwin Tacod to third
Batting: LHB Ray Winters 0-0: Ball
1-0: Foul Ball, location: 2F
1-1: Swinging Strike
1-2: Foul Ball, location: 2F
1-2: Strikes out swinging
Bottom of the 1st over - 2 runs, 3 hits, 0 errors, 1 left on base; Hicksville 0 - Twinsburg 2
TOP OF THE 2ND
Hicksville Hounds batting - Pitching for Twinsburg Tigers : RHP Chor-min Kim
Batting: RHB Ming-an Yin 0-0: Ball
1-0: Ball
2-0: SINGLE (Groundball, 5D, EV 98.8 MPH)
Batting: RHB Miguel Bustamante 0-0: Ball
1-0: Ball
2-0: Called Strike
2-1: Foul Ball, location: 2F
2-2: Foul Ball, location: 2F
2-2: Fielders Choice at 2nd, 1-4 (Groundball, 25, EV 86.2 MPH)
Batting: RHB Jesús Renderos 0-0: Ball
1-0: Foul Ball, location: 2F
1-1: Ball
2-1: Foul Ball, location: 2F
2-2: Strikes out looking
Batting: RHB Trent Davis 0-0: Foul Ball, location: 2F
0-1: Fielders Choice at 2nd, 6-4 (Groundball, 6, EV 90.0 MPH)
Top of the 2nd over - 0 runs, 1 hit, 0 errors, 1 left on base; Hicksville 0 - Twinsburg 2
BOTTOM OF THE 2ND
Twinsburg Tigers batting - Pitching for Hicksville Hounds : LHP Vic Trewick
Batting: RHB Ernie Lewis 0-0: Fly out, F8 (Line Drive, 8RM, EV 99.4 MPH)
Batting: LHB Keith Garner 0-0: Ball
1-0: Ball
2-0: SINGLE (Groundball, 56D, EV 93.8 MPH)
Batting: RHB Kevin Pearce 0-0: Ball
1-0: Foul Ball, location: 2F
1-1: Called Strike
1-2: Strikes out swinging
Batting: RHB Aaron Carter 0-0: SINGLE (Groundball, 34S, EV 88.8 MPH) (infield hit)
Keith Garner to second
Batting: RHB Roland Thomas 0-0: Ball
1-0: Called Strike
1-1: Called Strike
1-2: Strikes out swinging
Bottom of the 2nd over - 0 runs, 2 hits, 0 errors, 2 left on base; Hicksville 0 - Twinsburg 2
TOP OF THE 3RD
Hicksville Hounds batting - Pitching for Twinsburg Tigers : RHP Chor-min Kim
Batting: RHB Ramiro Rivera 0-0: Called Strike
0-1: Called Strike
0-2: Foul Ball, location: 2F
0-2: Ball
1-2: Strikes out swinging
Batting: RHB Arturo Iglésias 0-0: Swinging Strike
0-1: Ball
1-1: Ball
2-1: Ball
3-1: Called Strike
3-2: Ground out 6-3 (Groundball, 6, EV 84.4 MPH)
Batting: LHB Timothy Hayes 0-0: Ball
1-0: Called Strike
1-1: SINGLE (Groundball, 4D, EV 93.8 MPH)
Batting: RHB Joe Barrientez 0-0: Fly out, F9 (Line Drive, 9, EV 105.0 MPH)
Top of the 3rd over - 0 runs, 1 hit, 0 errors, 1 left on base; Hicksville 0 - Twinsburg 2
BOTTOM OF THE 3RD
Twinsburg Tigers batting - Pitching for Hicksville Hounds : LHP Vic Trewick
Batting: SHB Sherwin Tacod 0-0: Ball
1-0: Foul Ball, location: 2F
1-1: Swinging Strike
1-2: Hit by Pitch
Batting: RHB Art Hensley 0-0: Ball
1-0: Called Strike
1-1: Fly out, F3 (Popup, 23, EV 86.9 MPH)
Batting: RHB Keith Wilfred 0-0: Fly out, F8 (Flyball, 89D, EV 102.5 MPH)
Batting: LHB Ray Winters 0-0: Ball
1-0: Called Strike
1-1: Ball
2-1: Swinging Strike
2-2: Ball
Sherwin Tacod is caught stealing 2nd base 2-6
Bottom of the 3rd over - 0 runs, 0 hits, 0 errors, 0 left on base; Hicksville 0 - Twinsburg 2
TOP OF THE 4TH
Hicksville Hounds batting - Pitching for Twinsburg Tigers : RHP Chor-min Kim
Batting: RHB Zhong-yi Yun 0-0: Called Strike
0-1: Ball
1-1: Swinging Strike
1-2: Ball
2-2: Foul Ball, location: 2F
2-2: Strikes out swinging
Batting: RHB Ming-an Yin 0-0: SOLO HOME RUN (Flyball, 9D, EV 106.2 MPH), Distance : 378 ft
Batting: RHB Miguel Bustamante 0-0: Foul Ball, location: 2F
0-1: Swinging Strike
0-2: Foul Ball, location: 2F
0-2: Foul Ball, location: 2F
0-2: Foul Ball, location: 2F
0-2: Ball
1-2: Strikes out looking
Batting: RHB Jesús Renderos 0-0: Called Strike
0-1: Foul Ball, location: 2F
0-2: Foul Ball, location: 2F
0-2: Ball
1-2: Ball
2-2: Ground out 6-3 (Groundball, 6, EV 88.8 MPH)
Top of the 4th over - 1 run, 1 hit, 0 errors, 0 left on base; Hicksville 1 - Twinsburg 2
BOTTOM OF THE 4TH
Twinsburg Tigers batting - Pitching for Hicksville Hounds : LHP Vic Trewick
Batting: LHB Ray Winters 0-0: Called Strike
0-1: Called Strike
0-2: Foul Ball, location: 2F
0-2: Ball
1-2: Ground out 4-3 (Groundball, 4, EV 88.8 MPH)
Batting: RHB Ernie Lewis 0-0: Called Strike
0-1: Swinging Strike
0-2: Strikes out swinging
Batting: LHB Keith Garner 0-0: Called Strike
0-1: Called Strike
0-2: Fly out, F7 (Flyball, 78S, EV 88.8 MPH)
Bottom of the 4th over - 0 runs, 0 hits, 0 errors, 0 left on base; Hicksville 1 - Twinsburg 2
TOP OF THE 5TH
Hicksville Hounds batting - Pitching for Twinsburg Tigers : RHP Chor-min Kim
Batting: RHB Trent Davis 0-0: Ball
1-0: Called Strike
1-1: Fly out, F8 (Line Drive, 8RM, EV 98.1 MPH)
Batting: RHB Ramiro Rivera 0-0: Called Strike
0-1: Ball
1-1: Foul Ball, location: 2F
1-2: Strikes out looking
Batting: RHB Arturo Iglésias 0-0: Ball
1-0: Called Strike
1-1: Ground out 5-3 (Groundball, 5S, EV 82.5 MPH)
Top of the 5th over - 0 runs, 0 hits, 0 errors, 0 left on base; Hicksville 1 - Twinsburg 2
BOTTOM OF THE 5TH
Twinsburg Tigers batting - Pitching for Hicksville Hounds : LHP Vic Trewick
Batting: RHB Kevin Pearce 0-0: Called Strike
0-1: Called Strike
0-2: Foul Ball, location: 2F
0-2: Strikes out swinging
Batting: RHB Aaron Carter 0-0: Called Strike
0-1: Bunt for hit to 2R - play at first, batter safe!
Batting: RHB Roland Thomas 0-0: Ball
1-0: Ball
2-0: Called Strike
2-1: Swinging Strike
2-2: Ball
3-2: Fly out, F9 (Flyball, 89S, EV 83.1 MPH)
Batting: SHB Sherwin Tacod 0-0: Foul Ball, location: 2F
0-1: Foul Ball, location: 2F
0-2: SINGLE (Line Drive, 6D, EV 102.5 MPH)
Aaron Carter to second
Batting: RHB Art Hensley 0-0: Ball
1-0: Fly out, F7 (Flyball, 78S, EV 75.6 MPH)
Bottom of the 5th over - 0 runs, 2 hits, 0 errors, 2 left on base; Hicksville 1 - Twinsburg 2
TOP OF THE 6TH
Hicksville Hounds batting - Pitching for Twinsburg Tigers : RHP Chor-min Kim
Batting: LHB Timothy Hayes 0-0: Swinging Strike
0-1: Swinging Strike
0-2: Foul Ball, location: 2F
0-2: Ball
1-2: Foul Ball, location: 2F
1-2: Ball
2-2: Foul Ball, location: 2F
2-2: Strikes out swinging
Batting: RHB Joe Barrientez 0-0: Ball
1-0: Ball
2-0: Called Strike
2-1: Ground out 5-3 (Groundball, 56S, EV 93.8 MPH)
Batting: RHB Zhong-yi Yun 0-0: Called Strike
0-1: Ball
1-1: Called Strike
1-2: Ball
2-2: Foul Ball, location: 2F
2-2: Foul Ball, location: 2F
2-2: Ball
3-2: Foul Ball, location: 2F
3-2: SINGLE (Line Drive, 4MD, EV 108.1 MPH)
Batting: RHB Ming-an Yin 0-0: Swinging Strike
0-1: Ball
1-1: Swinging Strike
1-2: Foul Ball, location: 2F
1-2: Ball
2-2: Foul Ball, location: 2F
2-2: Strikes out swinging
Top of the 6th over - 0 runs, 1 hit, 0 errors, 1 left on base; Hicksville 1 - Twinsburg 2
BOTTOM OF THE 6TH
Twinsburg Tigers batting - Pitching for Hicksville Hounds : LHP Vic Trewick
Batting: RHB Keith Wilfred 0-0: Swinging Strike
0-1: SINGLE (Groundball, 4MD, EV 102.5 MPH)
Batting: LHB Ray Winters 0-0: Ball
1-0: Fly out, F7 (Flyball, 7LMF, EV 113.1 MPH)
Batting: RHB Ernie Lewis 0-0: Foul Ball, location: 2F
0-1: Called Strike
0-2: Strikes out looking
Batting: LHB Keith Garner 0-0: SINGLE (Line Drive, 8RS, EV 95.0 MPH)
Keith Wilfred to second
Batting: RHB Kevin Pearce 0-0: SINGLE (Groundball, 34D, EV 95.0 MPH)
Keith Wilfred to third
Keith Garner to second
Runner from 3rd tries for Home, throw by RF and OUT! 9-2
Bottom of the 6th over - 0 runs, 3 hits, 0 errors, 2 left on base; Hicksville 1 - Twinsburg 2
TOP OF THE 7TH
Hicksville Hounds batting - Pitching for Twinsburg Tigers : RHP Chor-min Kim
Pitching: RHP Emery William
Now at 3B: Tim Davis
Now in RF: Alex Kelley
Batting: RHB Miguel Bustamante 0-0: Ball
1-0: Swinging Strike
1-1: Fly out, F3 (Popup, 3, EV 54.4 MPH)
Batting: RHB Jesús Renderos 0-0: Ball
1-0: Foul Ball, location: 2F
1-1: Called Strike
1-2: Foul Ball, location: 2F
1-2: Foul Ball, location: 2F
1-2: Strikes out swinging
Batting: RHB Trent Davis 0-0: Called Strike
0-1: Swinging Strike
0-2: Ball
1-2: Ball
2-2: Strikes out swinging
Top of the 7th over - 0 runs, 0 hits, 0 errors, 0 left on base; Hicksville 1 - Twinsburg 2
BOTTOM OF THE 7TH
Twinsburg Tigers batting - Pitching for Hicksville Hounds : LHP Vic Trewick
Batting: RHB Aaron Carter 0-0: Foul Ball, location: 2F
0-1: Swinging Strike
0-2: Strikes out swinging
Batting: RHB Roland Thomas 0-0: Foul Ball, location: 2F
0-1: Foul Ball, location: 2F
0-2: Strikes out swinging
Batting: SHB Sherwin Tacod 0-0: Ball
1-0: Foul Ball, location: 2F
1-1: Called Strike
1-2: Ball
2-2: Ball
3-2: Strikes out swinging
Bottom of the 7th over - 0 runs, 0 hits, 0 errors, 0 left on base; Hicksville 1 - Twinsburg 2
TOP OF THE 8TH
Hicksville Hounds batting - Pitching for Twinsburg Tigers : RHP Emery William
Now at 1B: Ole Geenen
Batting: RHB Ramiro Rivera 0-0: Fly out, F7 (Flyball, 7S, EV 91.2 MPH)
Batting: RHB Arturo Iglésias 0-0: Called Strike
0-1: Foul Ball, location: 2F
0-2: Ball
1-2: Ground out 6-3 (Groundball, 56S, EV 83.8 MPH)
Batting: LHB Timothy Hayes 0-0: Foul Ball, location: 2F
0-1: Ball
1-1: Swinging Strike
1-2: Ball
2-2: Ball
3-2: Foul Ball, location: 2F
3-2: Foul Ball, location: 2F
3-2: Base on Balls
Batting: RHB Joe Barrientez 0-0: Called Strike
0-1: Foul Ball, location: 2F
0-2: SINGLE (Groundball, 6MD, EV 106.2 MPH)
Timothy Hayes to second
Pitching: LHP Steve Dimond
Batting: RHB Zhong-yi Yun 0-0: Ball
1-0: Swinging Strike
1-1: Called Strike
1-2: Foul Ball, location: 2F
1-2: Strikes out swinging
Top of the 8th over - 0 runs, 1 hit, 0 errors, 2 left on base; Hicksville 1 - Twinsburg 2
BOTTOM OF THE 8TH
Twinsburg Tigers batting - Pitching for Hicksville Hounds : LHP Vic Trewick
Batting: RHB Art Hensley 0-0: Foul Ball, location: 2F
0-1: Called Strike
0-2: Foul Ball, location: 2F
0-2: Ball
1-2: Ball
2-2: Ball
3-2: Ground out 1-3 (Groundball, P, EV 90.0 MPH)
Batting: RHB Keith Wilfred 0-0: Foul Ball, location: 2F
0-1: Fly out, F8 (Flyball, 89S, EV 90.0 MPH)
Batting: LHB Ray Winters 0-0: Ball
1-0: Foul Ball, location: 2F
1-1: SINGLE (Line Drive, 8LS, EV 105.6 MPH)
Pitching: RHP Wop Koopman
Batting: RHB Ernie Lewis 0-0: Foul Ball, location: 2F
0-1: Ball
1-1: Called Strike
1-2: Fielders Choice at 2nd, 6-4 (Groundball, 6, EV 86.2 MPH)
Bottom of the 8th over - 0 runs, 1 hit, 0 errors, 1 left on base; Hicksville 1 - Twinsburg 2
TOP OF THE 9TH
Hicksville Hounds batting - Pitching for Twinsburg Tigers : LHP Steve Dimond
Batting: RHB Ming-an Yin 0-0: Ground out 6-3 (Groundball, 56, EV 85.6 MPH)
Batting: RHB Miguel Bustamante 0-0: Ball
1-0: Ball
2-0: Called Strike
2-1: Foul Ball, location: 2F
2-2: Ball
3-2: Ground out 6-3 (Groundball, 6, EV 105.0 MPH)
Batting: RHB Jesús Renderos 0-0: DOUBLE (Line Drive, 7LS, EV 105.0 MPH)
Batting: RHB Trent Davis 0-0: Fly out, F8 (Flyball, 89D, EV 99.4 MPH)
Top of the 9th over - 0 runs, 1 hit, 0 errors, 1 left on base; Hicksville 1 - Twinsburg 2
Friday, March 26th, 2021 - OOTP Baseball 20.8 Build 74